Unix NetHack Version 3.7.0-59 Work-in-progress - last build May 16 2022 12:43:45 (a5643931ae982fe3d73c1e8fa12183825c7d6632,branch:master). Game began 2022-05-16 13:01:51, ended 2022-05-18 13:12:04. Arasaka, neutral male gnomish Healer ---------------- # --------- ------ |....>.........| ###........| |....+ +..............|## |.......| |...{| #|...............# +......[| |(....##)#-----.---------- #|..{....| |....| ############0##########........| ---------------- |....|## ## # --.------ |..............| ----.-0h # ## |.............Y.####### #@## ## # |.........<....| #############D## ### # |..............-######## G ## ## ---------------- # # -.-----## # # |.....|# # o# |.....-# # ----------.- |{....| ## |.....%...%| ------- ####-...(%.[..)| ------------ Arasaka the Dresser St:18/06 Dx:13 Co:18 In:9 Wi:16 Ch:17 Neutral Dlvl:19 $:0 HP:0(95) Pw:93(101) AC:-3 Xp:11/15206 T:23583 Latest messages: The gnome queen swings her crossbow. The gnome queen misses! You hit the gnome queen! The gnome queen swings her crossbow. The gnome queen hits! You hit the gnome queen! The gnome queen swings her crossbow. The gnome queen hits! You hit the gnome queen! The gnome queen swings her crossbow. The gnome queen hits! You kill the gnome queen! j - a scroll labeled PRIRUTSENIE. You hear a zap and an explosion nearby. The red dragon bites! The red dragon hits! The red dragon hits! In what direction? You feel much better. What do you want to wield? [- asA or ?*] A - a blessed +4 trident (weapon in hand). The red dragon bites! The red dragon hits! The red dragon hits! The bugbear hits! You hit the red dragon! The red dragon bites! The red dragon hits! The red dragon hits! You hit the red dragon! The red dragon bites! The red dragon hits! The red dragon hits! The bugbear hits! You hit the red dragon! You hit the red dragon! The gnome strikes at your displaced image and misses you! The red dragon bites! The red dragon hits! The red dragon hits! The bugbear hits! You hit the red dragon! The red dragon bites! The red dragon hits! The red dragon hits! You hit the red dragon! The red dragon bites! The red dragon hits! The red dragon hits! You die... Major events: Turn 1: Arasaka the neutral male gnomish Healer entered the dungeon 1385: entered the Gnomish Mines 2823: reached Mine Town 3268: attained the rank of Empiric (level 3) 4462: attained the rank of Embalmer (level 6) 4881: acquired the Mines' End luckstone 10124: entered Sokoban 11281: bestowed with Magicbane by Hermes 12495: completed sokoban 1 13155: completed sokoban 2 13954: completed sokoban 3 14879: completed sokoban 4 14913: attained the rank of Dresser (level 10) 14930: acquired the Sokoban amulet of reflection 15405: entered the Bigroom 18310: performed his first genocide (shocking spheres) 18314: made his first wish - "blessed greased bag of holding" 22464: made his first artifact wish - "the blessed eye of the aethiopica" 23583: killed by a red dragon Inventory: Amulets ('"') X - the blessed Eye of the Aethiopica (being worn) Weapons (')') a - the uncursed rustproof +3 Magicbane A - a blessed +4 trident (weapon in hand) Armor ('[') g - an uncursed +0 elven leather helm (being worn) b - a blessed +1 pair of leather gloves (being worn) L - a blessed +0 pair of elven boots (being worn) d - a blessed +0 cloak of displacement (being worn) D - an uncursed +0 T-shirt with text "Hello, my darlings!" (being worn) i - an uncursed +0 set of orange dragon scales (being worn) Comestibles ('%') S - an uncursed lizard corpse named tricebance Scrolls ('?') j - an uncursed scroll of gold detection h - an uncursed scroll of remove curse Rings ('=') q - an uncursed ring of free action (on left hand) Wands ('/') f - an uncursed wand of cancellation (0:4) u - an uncursed wand of lightning (0:5) Tools ('(') z - a blessed bag of holding containing 58 items e - an uncursed skeleton key c - an uncursed stethoscope E - an uncursed wet towel s - a blessed +0 unicorn horn Gems/Stones ('*') Q - an uncursed luckstone Contents of the bag of holding: 6437 gold pieces an uncursed amulet of ESP an uncursed amulet of flying an uncursed amulet of reflection 9 uncursed food rations 2 uncursed tripe rations 2 blessed scrolls of blank paper 3 uncursed scrolls of blank paper a blessed scroll of create monster an uncursed scroll of create monster a cursed scroll of create monster 2 uncursed scrolls of destroy armor 2 uncursed scrolls of earth an uncursed scroll of enchant armor 2 uncursed scrolls of enchant weapon 2 uncursed scrolls of food detection 2 blessed scrolls of identify 2 uncursed scrolls of light an uncursed scroll of magic mapping 2 uncursed scrolls of teleportation an uncursed potion of restore ability a potion of holy water an uncursed ring of regeneration an uncursed ring of slow digestion an uncursed ring of stealth an uncursed ring of sustain ability an uncursed ring of teleport control an uncursed ring of teleportation an uncursed ring of warning an uncursed wand of lightning (0:0) an uncursed wand of magic missile (0:6) an uncursed wand of magic missile (0:5) an uncursed wand of probing (0:2) a blessed wand of secret door detection (0:13) an uncursed wand of sleep (0:5) an uncursed wand of sleep (0:3) an uncursed wand of slow monster (0:2) an uncursed wand of speed monster (0:4) an uncursed wand of teleportation (0:6) an uncursed wand of teleportation (0:6) an uncursed wand of teleportation (0:1) an uncursed wand of undead turning (0:2) an empty uncursed oilskin sack an uncursed brass lantern an uncursed brass lantern a blessed oil lamp an uncursed +0 pick-axe 3 uncursed tallow candles an uncursed tinning kit (0:52) an uncursed agate stone 2 uncursed amethyst stones an uncursed chrysoberyl stone 2 uncursed diamonds 2 uncursed emeralds 4 uncursed emeralds an uncursed jet stone an uncursed ruby an uncursed touchstone Arasaka the Healer's attributes: Background: You were a Dresser, a level 11 male gnomish Healer. You were neutral, on a mission for Hermes who was opposed by Athena (lawful) and Poseidon (chaotic). You were in the Dungeons of Doom, on level 19. You entered the dungeon 23583 turns ago. You had 15206 experience points, 4794 more were needed to attain level 12. Basics: You had 0 out of 95 hit points. You had 93 out of 101 energy points (spell power). Your armor class was -3. Your wallet was empty. Autopickup was on for '$"?' plus thrown, with exceptions. Final Characteristics: Your strength was 18/06 (limit:18/50). Your dexterity was 13 (limit:18). Your constitution was 18 (limit:18). Your intelligence was 9 (limit:19). Your wisdom was 16 (limit:18). Your charisma was 17 (limit:18). Final Status: You were not hungry. You were unencumbered. You were wielding a trident. You had basic skill with trident. Final Attributes: You were piously aligned. You were magic-protected. You were fire resistant. You were cold resistant. You were sleep resistant. You were poison resistant. You saw invisible. You were telepathic. You had infravision. You were displaced. You were stealthy. You had a small defense bonus (+5). You were warded. You took half spell damage. You were fast. You had free action. You were very lucky. You had extra luck. Bad luck did not time out for you. Good luck did not time out for you. You are dead. Miscellaneous: You disabled loading of bones levels. Total elapsed playing time was 4 hours, 56 minutes and 33 seconds. Vanquished creatures: an orange dragon a shopkeeper an Aleax an ettin 5 black puddings 4 giant mimics 2 ogre tyrants an umber hulk a large mimic a fire elemental a hill giant a giant zombie 4 wargs 3 winter wolves 8 small mimics 3 xans an ogre leader a quantum mechanic a troll a wood golem 4 pyrolisks 2 large dogs a freezing sphere 3 flaming spheres 3 tigers a gargoyle a dwarf ruler 2 tengu 3 ochre jellies 2 leocrottas 7 stone giants an elf mummy 2 red nagas a cobra a wraith 2 ettin zombies 8 Grey-elves a soldier 3 watchmen an amorous demon 2 chameleons 3 crocodiles 3 giant beetles a quivering blob 7 cockatrices 9 wolves 4 winter wolf cubs 2 panthers a gremlin 6 leprechauns an orc-captain a mumak 9 giant spiders 2 scorpions a horse 4 ice vortices 3 black lights 3 vampire bats 4 forest centaurs 4 gnome rulers an orc mummy 2 ogres a brown pudding 2 rust monsters 3 owlbears 2 yetis 2 gold golems 2 werewolves 4 Green-elves 8 lizards 3 chickatrices a dingo a housecat 2 jaguars a white unicorn a gray unicorn 2 black unicorns 3 dust vortices 3 ravens a plains centaur a gnome mummy 6 apes 3 human zombies 2 Woodland-elves 6 soldier ants 4 fire ants 9 bugbears 2 imps 4 quasits a wood nymph 4 mountain nymphs 2 Mordor orcs 4 Uruk-hai 4 orc shamans a rock piercer 5 rock moles 3 ponies 5 fog clouds 3 yellow lights a shrieker 4 violet fungi 5 gnome leaders 2 gnomish wizards a black naga hatchling 3 gray oozes 6 elf zombies a straw golem a paper golem 5 giant ants a little dog 5 floating eyes a kitten 4 dwarves 2 homunculi 4 kobold leaders a kobold shaman 9 rothes 5 rabid rats 3 centipedes 3 giant bats a monkey 3 orc zombies 2 dwarf zombies a wererat a werejackal 11 iguanas 12 killer bees an acid blob 9 coyotes a gas spore 8 hobbits 4 manes 6 large kobolds 10 hobgoblins 10 giant rats 2 cave spiders 6 yellow molds a green mold 9 gnomes a garter snake 2 gnome zombies 10 geckos 12 jackals 6 foxes a kobold 5 goblins 13 sewer rats 7 grid bugs 3 bats 12 lichens 2 kobold zombies 5 newts 519 creatures vanquished. Genocided species: shocking spheres 1 species genocided. Voluntary challenges: You read items or engraved 116 times. You engraved Elbereth 51 times. You genocided 1 type of monster. You never polymorphed an object. You never changed form. You used 2 wishes (1 for an artifact). You did not violate any of the special Sokoban rules. Achievements: You entered a shop. You entered the Gnomish Mines. You entered Minetown. You entered a temple. You attained the rank of Empiric. You attained the rank of Embalmer. You completed the Gnomish Mines. You entered Sokoban. You attained the rank of Dresser. You completed Sokoban. You entered the Big Room. The Dungeons of Doom: levels 1 to 22 Level 1: Level 2: "v" An altar to Hermes, a grave. Level 3: A sink. Level 4: "BOOKS" A general store. Stairs down to The Gnomish Mines. Level 5: An untended shop, a fountain, a sink. Level 6: A general store. Level 7: A general store, some fountains. Level 8: "s" Many fountains. Oracle of Delphi. Level 9: An altar to Hermes. Stairs up to Sokoban, level 8. Level 10: Level 11: A very big room. Level 12: A fountain. Level 13: A temple, a fountain. Level 14: A general store. Summoned by Hippocrates. Level 15: A fountain. Level 16: Level 17: A fountain. Level 18: A primitive area. Level 19: <- You were here. Many fountains. Final resting place for you, killed by a red dragon. Level 20: Some fountains. Level 21: Level 22: A fountain. The Gnomish Mines: levels 5 to 12 Level 5: Level 6: Level 7: Level 8: "BOOKS" Many shops, a temple, some fountains. Level 9: Level 10: Level 11: Level 12: "BLUE DRAGON" Sokoban: levels 8 up to 5 Level 5: Solved. Level 6: Solved. Level 7: Solved. Level 8: Solved. Game over: ---------- / \ / REST \ / IN \ / PEACE \ / \ | Arasaka | | 6437 Au | | killed by a red | | dragon | | | | | | 2022 | *| * * * | * _________)/\\_//(\/(/\)/\//\/|_)_______ Goodbye Arasaka the Healer... You died in The Dungeons of Doom on dungeon level 19 with 70514 points, and 6437 pieces of gold, after 23583 moves. You were level 11 with a maximum of 95 hit points when you died.